 Dungeon Crawl Stone Soup version 0.20.1-1-g8b1a95d (webtiles) character file.

683 vineage the Shield-Bearer (level 7, -15/39 HPs)
             Began as a Gargoyle Fighter on Sept 2, 2017.
             Demolished by Menkaure (17 damage)
             ... on level 4 of the Dungeon.
             The game lasted 00:05:56 (3172 turns).

vineage the Shield-Bearer (Gargoyle Fighter)        Turns: 3172, Time: 00:05:57

Health: -15/39     AC: 16    Str: 19 (20) XL:     7   Next: 61%
Magic:  7/7        EV: 10    Int:  7 (9)  God:
Gold:   163        SH: 10    Dex:  8 (10) Spells: 6/6 levels left

rFire    . . .     SeeInvis .   a - +0 flail
rCold    . . .     Gourm    .   c - +1 shield
rNeg     + . .     Faith    .   b - +0 scale mail
rPois    ∞         Spirit   .   (no helmet)
rElec    +         Reflect  .   (no cloak)
rCorr    .         Harm     .   i - +0 pair of gloves
MR       .....     Rnd*Tele +   k - +0 pair of boots
Stlth    ..........             (no amulet)
Regen    0.2/turn               (no ring)
MPRegen  0.1/turn               (no ring)

@: hasted, very quick
A: hooves 1, repulsion field 1, yellow scales 1, frail 1, negative energy
resistance 1, electricity resistance, teleportitis 1, unbreathing, petrification
resistance, rot immunity, AC +4
a: no special abilities


You were on level 4 of the Dungeon.
You were hungry.

You visited 1 branch of the dungeon, and saw 4 of its levels.

You collected 163 gold pieces.

Inventory:

Hand Weapons
 a - a +0 flail (weapon)
Armour
 b - a +0 scale mail (worn)
 c - a +1 shield (worn)
 i - a +0 pair of gloves (worn)
 k - a +0 pair of boots (worn)
Scrolls
 e - 2 scrolls of teleportation
 h - 2 scrolls of identify
 l - a scroll of enchant weapon {unknown}
 m - a scroll of fear {unknown}
 n - a scroll of remove curse
 p - a scroll of immolation {unknown}
 t - 2 scrolls of amnesia {unknown}
Comestibles
 d - a chunk of flesh
 f - 6 bread rations


   Skills:
 + Level 4.4 Fighting
 + Level 4.9 Maces & Flails
 + Level 4.5 Armour
 + Level 2.1 Dodging
 + Level 0.2 Stealth
 + Level 5.7 Shields


You had 6 spell levels left.
You didn't know any spells.

Dungeon Overview and Level Annotations

Branches:
Dungeon (4/15)
 Temple: D:4-7

Altars:
Nemelex Xobeh

Annotations:
D:4 Menkaure


Innate Abilities, Weirdness & Mutations

You are resistant to torment.
Your stone body is resilient. (AC +4)
You are immune to poison.
You resist negative energy. (rN+)
You are resistant to electric shocks. (rElec)
You can survive without breathing.
You are immune to petrification.
You are immune to rotting.
You have large cloven feet.
You are surrounded by a mild repulsion field. (EV +2)
You are partially covered in yellow scales. (AC +2)
You are frail. (-10% HP)
You are occasionally teleported next to monsters.


Message History

Menkaure is moderately damaged.
Menkaure barely misses you.
You barely miss Menkaure.
Menkaure is moderately damaged.
Menkaure hits you!
* * * LOW HITPOINT WARNING * * *
Your scale mail prevents you from hitting Menkaure.
Menkaure is moderately damaged.
Menkaure barely misses you.
You barely miss Menkaure.
Menkaure is moderately damaged.
You block Menkaure's attack.
You hit Menkaure but do no damage.
Menkaure is moderately damaged.
Menkaure hums a few words.
Menkaure hits you but does no damage.
You hit Menkaure but do no damage.
Menkaure is moderately damaged.
Menkaure hits you!
You die...

###...........##.
.####.
M.............. .#.
<..... #..(M.......#
.. ..# #. #...#
#.##.###.# #. #...#
##.#..(##.# # #...#
##......##.# # #..a#
#.#........## #
##.####.#.........###
#..M@...........#.##.
#.#####.......###.###
######.#####..##...#
#.# #
#....>..........####
#.###
#####.####.#####..#.#
#.... #...#.#
#.#####..#.##########
#.....#
#...............# #
#...###
##......#..####.# #
#.....#
#.####....####.# #


You could see Menkaure.

Vanquished Creatures
  Sigmund (D:3)
  A howler monkey (D:4)
  A jelly (D:3)
  A hound (D:3)
  3 orc wizards (D:3)
  An iguana (D:4)
  2 worker ants (D:4)
  9 gnolls
  4 adders
  11 oozes (D:3)
  5 worms
  4 dart slugs
  5 leopard geckos
  5 orcs (D:3)
  11 bats
  4 giant cockroaches
  10 goblins
  5 hobgoblins
  2 jackals (D:3)
  2 quokkas
  2 ball pythons (D:1)
  2 frilled lizards
  12 kobolds
  6 rats
109 creatures vanquished.

Vanquished Creatures (others)
  10 toadstools (D:3)
10 creatures vanquished.

Grand Total: 119 creatures vanquished

Notes
Turn   | Place    | Note
-------+----------+-------------------------------------------
     0 | D:1      | vineage the Gargoyle Fighter began the quest for the Orb.
     0 | D:1      | Reached XP level 1. HP: 14/14 MP: 1/1
    87 | D:1      | Reached XP level 2. HP: 8/19 MP: 2/2
   486 | D:1      | Reached XP level 3. HP: 23/23 MP: 3/3
  1283 | D:2      | Reached XP level 4. HP: 29/29 MP: 4/4
  1554 | D:3      | Found a sparkling altar of Nemelex Xobeh.
  1636 | D:3      | Reached skill level 4 in Shields
  1648 | D:3      | Reached skill level 1 in Dodging
  1840 | D:3      | Noticed Sigmund
  1857 | D:3      | Killed Sigmund
  1857 | D:3      | Reached XP level 5. HP: 25/33 MP: 5/5
  1857 | D:3      | Reached XP level 6. HP: 29/38 MP: 6/6
  1954 | D:3      | Reached skill level 5 in Shields
  2600 | D:3      | Gained mutation: You tend to lose your temper in combat. [potion of mutation]
  2600 | D:3      | Gained mutation: Your flesh is heat resistant. (rF+) [potion of mutation]
  2600 | D:3      | Gained mutation: You are dopey. (Int -2) [potion of mutation]
  2600 | D:3      | Gained mutation: You are surrounded by a mild repulsion field. (EV +2) [potion of mutation]
  2630 | D:3      | Reached XP level 7. HP: 18/43 MP: 7/7
  2637 | D:3      | Lost mutation: You are dopey. (Int -2) [potion of mutation]
  2637 | D:3      | Lost mutation: You tend to lose your temper in combat. [potion of mutation]
  2637 | D:3      | Lost mutation: Your flesh is heat resistant. (rF+) [potion of mutation]
  2637 | D:3      | Gained mutation: You are partially covered in yellow scales. (AC +2) [potion of mutation]
  2637 | D:3      | Gained mutation: You are frail. (-10% HP) [potion of mutation]
  2637 | D:3      | Gained mutation: You are occasionally teleported next to monsters. [potion of mutation]
  2637 | D:3      | Gained mutation: You have large cloven feet. [potion of mutation]
  3132 | D:4      | Noticed Menkaure
  3168 | D:4      | HP: 1/39 [Menkaure (10)]
  3172 | D:4      | Demolished by Menkaure

Skill      XL: |  1  2  3  4  5  6  7 |
---------------+----------------------+-----
Shields        | 4 5 |  5.7
Dodging        | 1 2 |  2.1
Fighting       | 4 |  4.4
Maces & Flails | 3 4 |  4.9
Armour         | 4 |  4.5
Stealth        | |  0.2

Action                   |  1- 3 |  4- 6 |  7- 9 || total
-------------------------+-------+-------+-------++-------
Melee: Flail             |   148 |   236 |   129 ||   513
  Use: Scroll            |       |     6 |       ||     6
       Potion            |       |     4 |     5 ||     9
  Eat: Chunk             |     1 |     5 |     2 ||     8
Armor: Scale mail        |    84 |   192 |    76 ||   352
Dodge: Dodged            |    39 |   125 |    79 ||   243
Block: Shield            |    67 |   210 |   102 ||   379
